Map: Apothéose EC

Players

KinderBueno - Winner!

  • Race: Terran Terran
  • League: Diamond

shuggles

  • Race: Zerg Zerg
  • League: Diamond

VOD

Have the link to the VOD?

Description

Time

  • Played on: July 23, 2016, 7:41 p.m.
  • Length: 7:12
Show
View Real Time Build Order
Export as new Build Order

KinderBueno Terran - Winner!

Build Orders:  

Get SALT Encoding   

  12  0:02  SCV  
  13  0:14  SCV  
  13  0:18  Supply Depot  
  14  0:27  SCV  
  15  0:39  SCV  
  15  0:41  Barracks  
  16  0:45  Refinery  
  16  0:51  SCV  
  17  1:04  SCV  
  18  1:11  Barracks  
  18  1:15  Refinery  
  18  1:16  SCV  
  19  1:28  Supply Depot  
  19  1:32  Barracks Reactor  
  19  1:33  Orbital Command  
  19  1:42  Supply Depot  
  19  1:57  Barracks Reactor  
  19  2:00  SCV  
  20  2:09  Reaper x2  
  20  2:12  SCV  
  20  2:13  Supply Depot  
  23  2:24  SCV  
  24  2:34  Reaper x2  
  24  2:36  SCV  
  27  2:41  Reaper x2  
  29  2:48  SCV  
  30  3:06  Reaper x2  
  30  3:08  SCV, Command Center  
  33  3:17  Reaper x2  
  35  3:20  SCV  
  35  3:24  Supply Depot  
  36  3:29  Supply Depot  
  36  3:32  SCV  
  37  3:38  Reaper x2  
  39  3:46  SCV  
  40  3:51  Reaper x2  
  42  3:58  SCV  
  42  4:12  Reaper  
  42  4:13  SCV, Reaper  
  45  4:21  Orbital Command  
  45  4:25  SCV  
  45  4:26  Command Center  
  45  4:30  Reaper x2  
  46  4:44  SCV  
  46  4:45  Reaper  
  48  4:56  SCV, Reaper  
  50  5:02  Reaper  
  51  5:08  SCV x2  
  51  5:12  Barracks  
  53  5:16  Refinery  
  53  5:17  Refinery  
  53  5:20  SCV x2  
  55  5:24  Reaper  
  56  5:32  SCV x2  
  58  5:36  Reaper x2  
  60  5:44  SCV  
  60  5:45  SCV  
  60  5:49  Orbital Command  
  62  5:56  SCV  
  62  5:57  SCV  
  64  5:59  Barracks Tech Lab  
  64  6:04  Factory  
  64  6:05  Barracks  
  64  6:07  Barracks, Reaper x2  
  64  6:09  SCV x2, Engineering Bay  
  64  6:10  Engineering Bay  
  68  6:15  SCV  
  68  6:17  Reaper x2  
  71  6:21  SCV x2  
  68  6:37  SCV x2  
  68  6:38  SCV  
  68  6:39  Reaper x2  
  70  6:48  Marine  
  70  6:49  SCV x2  
  70  6:50  SCV  
  70  6:51  Refinery  
  70  6:53  Refinery  
Show
View Real Time Build Order
Export as new Build Order

shuggles Zerg 

Build Orders: Pool First 

Get SALT Encoding   

  12  0:01  Drone  
  13  0:12  Overlord  
  13  0:17  Drone  
  14  0:30  Drone  
  14  0:31  Drone  
  16  0:40  Drone  
  17  0:52  Spawning Pool  
  17  0:53  Drone  
  17  1:03  Drone  
  18  1:15  Hatchery  
  17  1:20  Extractor  
  17  1:22  Drone x2  
  18  1:36  Drone  
  18  1:38  Queen  
  21  1:42  Zergling x2  
  22  1:49  Overlord  
  22  2:14  Queen  
  24  2:16  Drone x2  
  24  2:20  Metabolic Boost  
  26  2:26  Queen  
  26  2:27  Zergling x4  
  30  2:33  Drone  
  31  2:37  Drone  
  31  2:43  Drone  
  33  2:46  Drone x2  
  33  2:47  Drone  
  36  2:58  Overlord x2  
  35  3:09  Spine Crawler  
  34  3:14  Zergling x2  
  34  3:15  Zergling x2  
  34  3:19  Drone x5  
  41  3:37  Drone  
  41  3:38  Drone  
  41  3:39  Hatchery  
  42  3:47  Zergling x2  
  42  3:48  Zergling x4  
  44  4:16  Overlord x2  
  44  4:17  Overlord x2  
  43  4:18  Drone x5  
  43  4:20  Extractor  
  43  4:22  Extractor  
  46  4:24  Evolution Chamber, Roach Warren  
  46  4:26  Evolution Chamber  
  46  4:27  Drone  
  46  4:28  Drone  
  40  4:39  Zergling x2  
  40  4:40  Zergling x8  
  40  4:53  Zergling x4  
  37  5:30  Zergling x6  
  37  5:31  Zergling x6  
  34  5:37  Roach  
  36  5:47  Roach  
  38  5:58  Roach  
  38  5:59  Roach  
  42  6:19  Drone  
  42  6:20  Drone x8  
  43  6:37  Roach  
  43  6:38  Roach x3  
  45  6:42  Roach  
Tags
 
Add a new tag
Caveats
  • Supply blocks, unpowered buildings, or Contaminate may cause inaccurate times.
  • Supply counts are checked every 10 seconds.